 Dungeon Crawl Stone Soup version 0.23.2-33-g5129a83184 (webtiles) character file.

Game seed: 5564402399971274349

1525 NochnoyZador the Basher (level 8, -5/48 HPs)
             Began as a Gargoyle Fighter on Aug 12, 2019.
             Was an Initiate of Okawaru.
             Slain by a two-headed ogre
             ... wielding a +0 giant spiked club
              (10 damage)
             ... on level 6 of the Dungeon.
             The game lasted 00:20:19 (5303 turns).

NochnoyZador the Basher (Gargoyle Fighter)          Turns: 5303, Time: 00:20:19

Health: -5/48      AC: 12    Str: 20    XL:     8   Next: 84%
Magic:  9/9        EV:  9    Int:  9    God:    Okawaru [......]
Gold:   338        SH:  9    Dex: 11    Spells: 7/7 levels left

rFire    . . .     SeeInvis .   i - +2 whip (elec)
rCold    + + .     Gourm    .   c - +0 shield
rNeg     + . .     Faith    .   K - +2 leather armour {rC+}
rPois    ∞         Spirit   .   (no helmet)
rElec    +         Reflect  .   (no cloak)
rCorr    .         Harm     .   (no gloves)
MR       .....                  M - +0 pair of boots
Stlth    +.........             u - amulet of the acrobat
HPRegen  0.16/turn              N - ring of flight
MPRegen  0.11/turn              q - ring of protection from cold

@: studying Stealth
A: negative energy resistance 1, electricity resistance, unbreathing,
petrification resistance, rot immunity, AC +5
a: Renounce Religion, Evoke Flight


You were on level 6 of the Dungeon.
You worshipped Okawaru.
Okawaru was noncommittal.
You were not hungry.

You visited 2 branches of the dungeon, and saw 7 of its levels.

You collected 338 gold pieces.

Inventory:

Hand Weapons
 g - the +9 spear "Ynwaereth" {pierce, rElec rF- MR- Dex+7, unknown}
   (You found it on level 6 of the Dungeon)

   It inflicts extra damage upon your enemies.
   It affects your dexterity (+7).
   It makes you vulnerable to fire.
   It insulates you from electricity.
   It affects your resistance to hostile enchantments.
 i - a +2 whip of electrocution (weapon)
 I - a +5 scythe of slicing
 R - a +0 quarterstaff
Missiles
 r - 118 stones (quivered)
 v - 18 sling bullets
 y - 2 tomahawks
 G - a throwing net
 P - an exploding tomahawk
 Q - 2 tomahawks of returning
Armour
 b - a +0 scale mail
 c - a +0 shield (worn)
 K - a +2 leather armour of cold resistance (worn)
 M - a +0 pair of boots (worn)
Jewellery
 h - an uncursed ring of magical power
 q - a ring of protection from cold (right hand)
 u - an amulet of the acrobat (around neck)
 N - a ring of flight (left hand)
Wands
 l - a wand of flame (11)
 C - a wand of random effects (15)
 J - a wand of disintegration (16)
Scrolls
 j - a scroll of teleportation
 k - 2 scrolls of random uselessness {unknown}
 o - a scroll of fog
 p - 2 scrolls of enchant armour {unknown}
 t - 2 scrolls of amnesia
 w - a scroll of immolation {unknown}
 D - 2 scrolls of remove curse
 E - a scroll of blinking {unknown}
 O - a scroll of identify
Potions
 a - 2 potions of agility
 d - 2 potions of might
 m - a potion of resistance {unknown}
 n - a potion of berserk rage {unknown}
 s - 2 potions of lignification
 x - a potion of flight {unknown}
 z - a potion of magic {unknown}
 A - 2 potions of heal wounds {unknown}
 B - 2 potions of brilliance
 H - a potion of mutation {unknown}
Books
 F - a manual of Stealth
Comestibles
 f - 10 rations


   Skills:
 + Level 4.7 Fighting
 + Level 8.0 Maces & Flails
 + Level 2.4 Throwing
 + Level 4.8 Armour
 + Level 1.5 Dodging
 + Level 4.7 Shields
 + Level 0.2 Invocations
 + Level 2.5 Evocations


You had 7 spell levels left.
You didn't know any spells.
Your spell library was empty.

Dungeon Overview and Level Annotations

Branches:
Dungeon (6/15)             Temple (1/1) D:6

Altars:
Ashenzari
Dithmenos
Elyvilon
Fedhas
Gozag
Hepliaklqana
Kikubaaqudgha
Makhleb
Nemelex Xobeh
Okawaru
Qazlal
Ru
Sif Muna
Trog
Vehumet
Wu Jian
Xom
Yredelemnul
The Shining One

Shops:
D:5 =

Annotations:
D:4 3 runed translucent doors, ANON1729's ghost, amateur DsMo; Sysandra's ghost, amateur OpEE; nano's ghost, novice DDEE


Innate Abilities, Weirdness & Mutations

You are resistant to torment.
Your stone body is resilient. (AC +5)
You are immune to poison.
You resist negative energy. (rN+)
You are resistant to electric shocks. (rElec)
You can survive without breathing.
You are immune to petrification.
You are immune to rotting.


Message History

The puff of flame misses the two-headed ogre.
You hit the two-headed ogre.
Lightning courses through the two-headed ogre!!
The two-headed ogre is severely wounded.
The two-headed ogre hits you with a +0 giant spiked club!!
Ouch! That really hurt!
The two-headed ogre hits you with a +0 giant spiked club!
* * * LOW HITPOINT WARNING * * *
You feel better.
You hit the two-headed ogre.
The two-headed ogre is severely wounded.
The two-headed ogre hits you with a +0 giant spiked club.
* * * LOW HITPOINT WARNING * * *
You block the two-headed ogre's attack.
You hit the two-headed ogre but do no damage.
The two-headed ogre is severely wounded.
You whack the two-headed ogre!
The two-headed ogre is almost dead.
The two-headed ogre hits you with a +0 giant spiked club!
You die...

#.######........# #.# #.. #.
#..).....# #.# ######.. #
####)##### #.# #....#..
#########)# #.###....#..
.........)# #........'..
############ ##...###.##.
n..........# #.⌠.# #...#
....?......##########...#####.#
...........'.O@.............#.#
O..........######..⌠..>..⌠..#.#
.[.........# ##.............
...........# ####...###.#.#
....######## #.⌠.# #...# ....
####...# #...# .##
#.#...#####..# #.#..........#
#.##########.#


You could see a two-headed ogre.

Vanquished Creatures
  Sigmund (D:4)
  Menkaure (D:6)
  A black bear (D:6)
  2 ogres (D:6)
  2 bullfrogs
  A big kobold (D:4)
  A scorpion (D:4)
  A howler monkey (D:5)
  2 hounds
  A jelly (D:6)
  7 orc wizards
  An orc priest (D:5)
  A centaur skeleton (D:5)
  3 worker ants
  A statue (D:5)
  A killer bee zombie (D:5)
  2 hound skeletons
  A worker ant zombie (D:6)
  5 adders
  A shadow imp (D:4)
  An ooze (D:6)
  An adder skeleton (D:6)
  A worm (D:2)
  4 dart slugs
  7 leopard geckos
  21 orcs
  2 ball pythons
  8 bats
  3 giant cockroaches
  5 hobgoblins
  6 jackals
  4 quokkas
  A ball python skeleton (D:4)
  6 frilled lizards
  8 goblins
  A jackal zombie (D:6)
  9 kobolds
  2 leopard gecko zombies (D:5)
  A quokka zombie (D:5)
  5 rats
132 creatures vanquished.

Vanquished Creatures (others)
  An orc (D:6)
1 creature vanquished.

Grand Total: 133 creatures vanquished

Notes
Turn   | Place    | Note
-------+----------+-------------------------------------------
     0 | D:1      | NochnoyZador the Gargoyle Fighter began the quest for the
                  | Orb.
     0 | D:1      | Reached XP level 1. HP: 14/14 MP: 1/1
   327 | D:1      | Reached XP level 2. HP: 19/19 MP: 2/2
   732 | D:2      | Reached skill level 3 in Maces & Flails
   815 | D:2      | Reached XP level 3. HP: 23/23 MP: 3/3
  1033 | D:2      | Reached skill level 4 in Maces & Flails
  1297 | D:2      | Reached XP level 4. HP: 28/28 MP: 4/4
  1395 | D:2      | Found a sparkling altar of Nemelex Xobeh.
  1618 | D:3      | Found a faded altar of an unknown god.
  1652 | D:3      | Reached skill level 5 in Maces & Flails
  1652 | D:3      | Reached XP level 5. HP: 27/32 MP: 5/5
  2454 | D:4      | Reached skill level 6 in Maces & Flails
  2491 | D:4      | Reached XP level 6. HP: 28/37 MP: 6/6
  2832 | D:4      | Found a runed translucent gate.
  2833 | D:4      | Found a runed translucent gate.
  2835 | D:4      | Found a runed translucent gate.
  2860 | D:4      | Reached skill level 7 in Maces & Flails
  2868 | D:4      | Reached XP level 7. HP: 39/41 MP: 7/7
  3456 | D:4      | Noticed ANON1729's ghost (amateur DsMo)
  3456 | D:4      | Noticed Sysandra's ghost (amateur OpEE)
  3456 | D:4      | Noticed nano's ghost (novice DDEE)
  3565 | D:5      | Entered Level 5 of the Dungeon
  3587 | D:5      | Noticed Sigmund
  3592 | D:5      | Reached skill level 1 in Evocations
  3699 | D:4      | Killed Sigmund
  3699 | D:4      | Reached skill level 1 in Throwing
  3896 | D:5      | Found a radiant altar of Vehumet.
  3933 | D:5      | Found Lafaofo's Jewellery Shoppe.
  3942 | D:5      | Reached XP level 8. HP: 47/48 MP: 9/9
  4584 | D:6      | Found a burning altar of Makhleb.
  4602 | D:6      | Got a pitted spear
  4789 | D:6      | Reached skill level 1 in Dodging
  5049 | D:6      | Noticed Menkaure
  5062 | D:6      | Killed Menkaure
  5062 | D:6      | Reached skill level 8 in Maces & Flails
  5110 | D:6      | Found a staircase to the Ecumenical Temple.
  5121 | Temple   | Entered the Ecumenical Temple
  5234 | Temple   | Became a worshipper of Warmaster Okawaru
  5282 | D:6      | Noticed a two-headed ogre
  5303 | D:6      | Slain by a two-headed ogre

Skill      XL: |  1  2  3  4  5  6  7  8 |
---------------+-------------------------+-----
Maces & Flails | 3 4 5 6 7 8 |  8.0
Evocations     | 1 2 |  2.5
Throwing       | 1 2 |  2.4
Fighting       | 4 |  4.7
Armour         | 4 |  4.8
Shields        | 4 |  4.7
Dodging        | 1 |  1.5
Invocations    | |  0.2

Action                   |  1- 3 |  4- 6 |  7- 9 || total
-------------------------+-------+-------+-------++-------
Melee: Whip              |    88 |   131 |   154 ||   373
       Flail             |    10 |       |       ||    10
Throw: Stone             |       |     4 |    53 ||    57
Evoke: Wand              |       |       |     3 ||     3
  Use: Scroll            |     2 |     2 |     5 ||     9
       Potion            |       |       |     2 ||     2
  Eat: Chunk             |     1 |     5 |     8 ||    14
Armor: Scale mail        |    51 |    47 |    20 ||   118
       Leather armour    |       |       |    32 ||    32
Dodge: Dodged            |    37 |    42 |    50 ||   129
Block: Shield            |    62 |    51 |    37 ||   150
